 Dungeon Crawl Stone Soup version 0.21.1-1-g345015fe64 (webtiles) character file.

621 Mrkan the Ruffian (level 7, 0/70 HPs)
             Began as a Troll Monk on May 8, 2018.
             Slain by a hound (3 damage)
             ... on level 4 of the Dungeon.
             The game lasted 00:07:03 (2985 turns).

Mrkan the Ruffian (Troll Monk)                      Turns: 2985, Time: 00:07:03

Health: 0/70       AC:  5    Str: 20    XL:     7   Next: 22%
Magic:  6/6        EV: 11    Int:  6    God:
Gold:   207        SH:  0    Dex: 14    Spells: 6/6 levels left

rFire    . . .     SeeInvis .     - Unarmed
rCold    . . .     Gourm    +   (no shield)
rNeg     . . .     Faith    .   a - +0 robe
rPois    .         Spirit   .   (helmet restricted)
rElec    .         Reflect  .   (no cloak)
rCorr    .         Harm     .   (gloves unavailable)
MR       .....                  (boots unavailable)
Stlth    ++........             (no amulet)
HPRegen  0.61/turn              (no ring)
MPRegen  0.10/turn              (no ring)

@: drained
A: large, unfitting armour, claws 3, fast metabolism 3, gourmand, regeneration
1, shaggy fur 1, tough skin 2
a: no special abilities


You were on level 4 of the Dungeon.
You were completely stuffed.

You visited 1 branch of the dungeon, and saw 4 of its levels.

You collected 207 gold pieces.

Inventory:

Armour
 a - a +0 robe (worn)
 o - a +1 cloak
Jewellery
 h - an uncursed ring of positive energy {unknown}
 j - an uncursed amulet of guardian spirit {unknown}
 q - a cursed amulet of inaccuracy {unknown}
Scrolls
 c - 3 scrolls of amnesia {unknown}
 d - a scroll of fear {unknown}
 f - a scroll of enchant armour {unknown}
 g - 2 scrolls of remove curse {unknown}
 k - 3 scrolls of identify {unknown}
 l - 2 scrolls of teleportation {unknown}
 m - a scroll of immolation {unknown}
 r - 2 scrolls of fog {unknown}
 s - a scroll of noise {unknown}
Potions
 e - 2 potions of curing {unknown}
 i - 3 potions of heal wounds {unknown}
 p - a potion of lignification {unknown}
Books
 n - a book of Cantrips

   Spells                             Type                      Level
   a - Confusing Touch                Hexes                        1
   b - Animate Skeleton               Necromancy                   1
   c - Summon Small Mammal            Summoning                    1
   d - Apportation                    Translocation                1
Comestibles
 b - 6 rations


   Skills:
 + Level 4.0(3.3) Fighting
 + Level 4.0(3.4) Dodging
 + Level 2.5(1.9) Stealth
 + Level 4.9(4.2) Unarmed Combat


You had 6 spell levels left.
You didn't know any spells.

Dungeon Overview and Level Annotations

Branches:
Dungeon (4/15)
 Temple: D:4-7

Altars:
Ashenzari
Fedhas


Innate Abilities, Weirdness & Mutations

You are too large for most types of armour.
You have claws for hands.
Your metabolism is lightning-fast.
You like to eat raw meat.
Your natural rate of healing is unusually fast.
You are covered in fur. (AC +1)
You have very tough skin. (AC +2)


Message History

The hound bites you.
* * * LOW HITPOINT WARNING * * *
The frilled lizard bites you.
* * * LOW HITPOINT WARNING * * *
You claw the ball python!
You kill the ball python!
The hound bites you but does no damage.
The orc priest mumbles some strange prayers to Beogh against you.
Beogh smites you!
* * * LOW HITPOINT WARNING * * *
The frilled lizard barely misses you. The hound bites you but does no damage.
The hound bites you but does no damage. The hound barely misses you.
The hound bites you but does no damage.
You see here a flail.
The hound bites you.
* * * LOW HITPOINT WARNING * * *
The hound bites you.
You die...

#.... .#.
###..##....
#?.)...#
###########..#.#%#.
#......####).#....<
#....)l..........#
#....o#########.##
#...h.# .. #..@..#
## ###.### ##...##
#.#.#.# ##...##
##.## #.# #.# #)#
###


You could see a hound, an orc priest and a frilled lizard.

Vanquished Creatures
  Edmund (D:4)
  An ogre (D:4)
  A scorpion (D:4)
  A howler monkey (D:4)
  An orc priest (D:4)
  Crazy Yiuf (D:3)
  Ijyb (D:4)
  Terence (D:3)
  An iguana (D:4)
  2 orc wizards (D:3)
  7 adders
  An ooze (D:1)
  A worm (D:2)
  6 dart slugs
  2 leopard geckos
  3 orcs (D:3)
  3 bats
  3 giant cockroaches
  6 goblins
  7 hobgoblins
  4 jackals
  6 kobolds
  A quokka (D:3)
  3 ball pythons
  7 frilled lizards
  6 rats
77 creatures vanquished.

Notes
Turn   | Place    | Note
-------+----------+-------------------------------------------
     0 | D:1      | Mrkan the Troll Monk began the quest for the Orb.
     0 | D:1      | Reached XP level 1. HP: 22/22 MP: 0/0
    90 | D:1      | Reached XP level 2. HP: 29/29 MP: 1/1
   291 | D:1      | Reached XP level 3. HP: 36/36 MP: 2/2
   826 | D:2      | Found a shattered altar of Ashenzari.
   918 | D:2      | Reached XP level 4. HP: 39/44 MP: 3/3
  1489 | D:3      | Found a runed door.
  1493 | D:3      | Noticed Crazy Yiuf
  1510 | D:3      | Killed Crazy Yiuf
  1721 | D:3      | Noticed Terence
  1740 | D:3      | Killed Terence
  1740 | D:3      | Reached XP level 5. HP: 46/53 MP: 4/4
  2488 | D:4      | Found a blossoming altar of Fedhas.
  2500 | D:4      | Reached XP level 6. HP: 27/61 MP: 5/5
  2698 | D:4      | Noticed Ijyb
  2706 | D:4      | Killed Ijyb
  2717 | D:4      | Noticed Edmund
  2768 | D:4      | Killed Edmund
  2768 | D:4      | Reached XP level 7. HP: 22/68 MP: 6/6
  2976 | D:4      | HP: 3/70 [orc priest/divine providence (14)]
  2984 | D:4      | HP: 2/70 [hound (5)]
  2985 | D:4      | Slain by a hound

Skill      XL: |  1  2  3  4  5  6  7 |
---------------+----------------------+-----
Dodging        | 3 4 |  4.0
Fighting       | 3 4 |  4.0
Unarmed Combat | 4 |  4.9
Stealth        | 2 |  2.5

Action                   |  1- 3 |  4- 6 |  7- 9 || total
-------------------------+-------+-------+-------++-------
Melee: Unarmed           |    92 |   157 |    21 ||   270
       Punch             |     2 |     3 |       ||     5
 Stab: Sleeping          |     3 |     2 |       ||     5
  Eat: Chunk             |    14 |    16 |     3 ||    33
Armor: Robe              |    40 |    65 |    14 ||   119
Dodge: Dodged            |    46 |   113 |    17 ||   176
